 Dungeon Crawl Stone Soup version 0.30.1-11-g7821555f0a (webtiles) character file.

Game seed: 1468829931914854958

101712 Gabide the Devastator (level 15, -4/124 HPs)
             Began as a Demigod Conjurer on Nov 20, 2023.
             Collided with a stone wall (21 damage)
             ... caused by an elemental wellspring
             ... on level 1 of the Shoals on Dec 20, 2023.
             The game lasted 01:42:42 (41724 turns).

Gabide the Devastator (Demigod Conjurer)           Turns: 41724, Time: 01:42:44

Health: -4/124     AC: 18    Str:  8    XL:     15   Next: 38%
Magic:  9/40       EV: 13    Int: 47    God:
Gold:   2019       SH:  2    Dex:  9    Spells: 18/45 levels left

rFire   + . .        f - staff of cold "Zeemn" {rElec rF+ rC+ Dex-3}
rCold   + . .        G - +0 buckler {AC+3}
rNeg    + . .        v - +1 robe of the Insatiable Knives {Drain Will++}
rPois   +            C - +2 helmet
rElec   +            j - +2 cloak
rCorr   .            W - +2 pair of gloves
SInv    .            P - +2 pair of boots
Will    +++..        V - amulet of magic regeneration
Stlth   +            K - ring of poison resistance
HPRegen 0.40/turn    g - ring "Xizuer" {rN+ Int+7}
MPRegen 0.67/turn

%: no passive effects
@: studying Polearms, very slow
A: high MP 1, forlorn, divine attributes
a: no special abilities


You were on level 1 of the Shoals.
You visited 5 branches of the dungeon, and saw 24 of its levels.
You also visited: Sewer and Ice Cave.

You collected 2246 gold pieces.
You spent 227 gold pieces at shops.

Inventory:

Hand Weapons
 a - a +6 short sword of venom
 U - the +12 glaive of Prune {freeze, Prune}
   (You found it on level 2 of the Lair of Beasts)

   Prune:     It halves damage taken while paralysed, petrified or unconscious.
Missiles
 L - 2 throwing nets
Armour
 e - the +0 pair of gloves "Ydej" {rF+ Will- Int+3}
   (You found it on level 15 of the Dungeon)

   Int:       It affects your intelligence (+3).
   rF:        It protects you from fire.
   Will:      It decreases your willpower.
 j - a +2 cloak (worn)
 v - the +1 robe of the Insatiable Knives (worn) {Drain Will++}
   (You found it on level 4 of the Dungeon)

   Drain:     It drains your maximum health when unequipped.
   Will:      It greatly increases your willpower.
 C - a +2 helmet (worn)
 G - a +0 buckler of protection (worn)
 P - a +2 pair of boots (worn)
 W - a +2 pair of gloves (worn)
Magical Staves
 f - the staff of cold "Zeemn" (weapon) {rElec rF+ rC+ Dex-3}
   (You acquired it on level 15 of the Dungeon)

   [staff of cold]

   Base accuracy: +5 Base damage: 5 Base attack delay: 1.2 This weapon's minimum
   attack delay (0.6) is reached at skill level 12.
   Dex:       It affects your dexterity (-3).
   rF:        It protects you from fire.
   rC:        It protects you from cold.
   rElec:     It insulates you from electricity.
   It falls into the 'Staves' category.
   It is a one-handed weapon.
Jewellery
 g - the ring "Xizuer" (right hand) {rN+ Int+7}
   (You acquired it on level 2 of the Dungeon)

   [ring of positive energy]

   Int:       It affects your intelligence (+7).
   rN:        It protects you from negative energy.
 k - a ring of protection from cold
 l - a ring of willpower
 m - a ring of resist corrosion
 p - a ring of positive energy
 r - a ring of flight
 I - a ring of protection from fire
 K - a ring of poison resistance (left hand)
 V - an amulet of magic regeneration (around neck)
Wands
 c - a wand of acid (2)
 s - a wand of flame (59)
 t - a wand of paralysis (3)
 u - a wand of digging (5)
Scrolls
 d - 4 scrolls of blinking
 q - 7 scrolls of amnesia
 y - 2 scrolls of brand weapon
 A - a scroll of summoning
 E - 7 scrolls of teleportation
 H - 2 scrolls of vulnerability
 Q - 4 scrolls of poison
 R - 6 scrolls of identify
 T - 4 scrolls of fear
 Y - a scroll of magic mapping
 Z - a scroll of enchant weapon
Potions
 b - a potion of magic
 h - 3 potions of brilliance
 i - 2 potions of heal wounds
 n - 4 potions of attraction
 w - 7 potions of curing
 x - 2 potions of resistance
 z - 3 potions of haste
 B - 3 potions of mutation
 D - a potion of might
 J - 3 potions of flight
 M - 9 potions of ambrosia
 N - 7 potions of lignification
 O - 2 potions of berserk rage
 S - a potion of invisibility
Miscellaneous
 o - a phantom mirror
 F - a phial of floods
 X - a box of beasts


   Skills:
 - Level 9.0 Fighting
 - Level 9.0 Dodging
 - Level 3.0 Stealth
 * Level 15.8 Spellcasting
 * Level 16.4 Conjurations


You had 18 spell levels left.
You knew the following spells:

 Your Spells              Type           Power      Damage    Failure   Level
a - Magic Dart            Conj           100%       1d8       0%          1
b - Searing Ray           Conj           100%       2d8       0%          2
c - Dazzling Flash        Conj/Hex       100%       N/A       1%          3
d - Fulminant Prism       Conj/Hex       42%        3d19      1%          4
e - Iskenderun's Mystic   Conj/Tloc      85%        2d17      1%          4
f - Arcjolt               Conj/Air       42%        1d52      1%          5
g - Stone Arrow           Conj/Erth      100%       3d13      1%          3
h - Irradiate             Conj/Tmut      42%        3d25      1%          5

Your spell library contained the following spells:

 Spells                   Type           Power      Damage    Failure   Level
 Beastly Appendage        Tmut           74%        N/A       1%          1
 Necrotise                Necr           100%       1d9       1%          1
 Sandblast                Erth           74%        2d16      1%          1
 Blink                    Tloc           74%        N/A       1%          2
 Sublimation of Blood     Necr           37%        N/A       1%          2
 Wereblood                Tmut           37%        N/A       1%          2
 Frozen Ramparts          Ice            100%       1d16      3%          3
 Inner Flame              Hex/Fire       37%        N/A       3%          3
 Ozocubu's Armour         Ice            54%        N/A       3%          3
 Spider Form              Tmut/Pois      37%        N/A       3%          3
 Vampiric Draining        Necr           37%        2d8       3%          3
 Vhi's Electric Charge    Tloc/Air       74%        N/A       3%          3
 Ice Form                 Ice/Tmut       54%        N/A       10%         4
 Manifold Assault         Tloc           37%        N/A       10%         4
 Petrify                  Tmut/Erth      37%        N/A       10%         4
 Summon Ice Beast         Ice/Summ       54%        N/A       10%         4
 Agony                    Necr           37%        N/A       26%         5
 Borgnjor's Vile Clutch   Necr/Erth      18%        N/A       26%         5
 Yara's Violent Unravell  Hex/Tmut       18%        3d9       26%         5
 Statue Form              Tmut/Erth      24%        N/A       83%         6
 Enfeeble                 Hex            18%        N/A       100%        7
 Ozocubu's Refrigeration  Ice            27%        4d13      100%        7
 Storm Form               Tmut/Air       18%        N/A       100%        7
 Maxwell's Capacitive Co  Air            18%        ∞         100%        8


Dungeon Overview and Level Annotations

Branches:
Dungeon (15/15)            Temple (1/1) D:7            Lair (5/5) D:11
 Shoals (1/4) Lair:2       Spider (0/4) Lair:2        Slime (0/5) Lair:4
    Orc (2/2) D:9             Elf (0/3) Orc:2        Vaults (0/5) D:13
 Depths (0/4) D:15          Sewer (visited)           IceCv (visited)

Shops:
D:15 [   Orc:2 [[?[

Annotations:
D:15 1 runed translucent door, Boahovan's ghost, journeyman DsGl


Innate Abilities, Weirdness & Mutations

You have an increased reservoir of magic. (+10% MP)
You shall have no god before yourself.
Your divine heritage dramatically boosts your attributes as you level up.


Message History

Confirm with . or Enter, or press ? or * to list all spells.
Aiming: Fulminant Prism (safe; 1% risk of failure)
Press: ? - help, Dir - move target You conjure a prism of explosive energy!
A fulminant prism comes into view.
Water spirits pour forth from the elemental wellspring!
Unknown command.
You feel much better.
The water elemental disappears in a puff of smoke!
The water elemental hits your fulminant prism.
Your fulminant prism crackles loudly.
Unknown command.
The water elemental hits your fulminant prism.
The water elemental engulfs your fulminant prism in water!
The water elemental hits you!
Your fulminant prism explodes!
The blast of energy engulfs the water elemental!!
The water elemental is severely damaged.
The blast of energy engulfs the elemental wellspring!!
The elemental wellspring is almost destroyed.
The blast of energy engulfs the water elemental!!
The water elemental is heavily damaged.
The blast of energy engulfs the water elemental!!!
You destroy the water elemental!
The water elemental disappears in a puff of smoke!
Casting: Fulminant Prism (safe; 1% risk of failure)
Confirm with . or Enter, or press ? or * to list all spells.
Okay, then.
Aiming: Stone Arrow (safe; 1% risk of failure)
Press: ? - help, Q - select action, (/) - cycle Shift-Dir - straight line, f - water elemental
Aim: a water elemental (black smoke, heavily damaged, summoned, 87% to hit)
The stone arrow hits the water elemental!
The water elemental is almost destroyed.
A torrent of water rises up through the elemental wellspring!
The torrent of water passes through the water elemental.
The torrent of water hits you!!
* * * LOW HITPOINT WARNING * * *
You are knocked back by the torrent of water.
You slam into the stone wall!
You die...

.#..............~).~~~~..~~~≈≈≈≈
.#..............~.~~~~~~.~~≈≈≈≈≈
..........^...~~.§.~~~~~~~≈≈≈≈≈≈
..........#.#.#§#§.~~≈≈~~≈≈≈≈≈≈≈
...............EE§§.~≈≈≈≈≈≈≈≈≈≈≈≈
~........#.##'##E#..~≈≈≈≈≈≈≈≈≈≈≈≈
~..........#*~E#=~..~~≈≈≈≈≈≈≈≈≈≈≈
~.......#..#~~~#~~#.~~≈≈≈≈≈≈≈≈≈≈≈
~...P......#≈*E#@#.~~~≈≈≈≈≈≈≈≈≈≈≈
~~.P..)#~.##≈≈≈##..#~~≈≈≈~~~≈≈≈≈≈
..PPP.P~~##≈≈≈E≈##~~~≈≈≈≈~~~~~~~≈
..PPPPP#~#≈E≈≈≈≈≈#~#≈≈≈~~...~~~~≈
~...~~≈~~#≈~≈E≈≈≈#~~~≈~..####.~~~
##).~≈≈#.#≈E≈≈≈≈≈#~#~≈~.## ##.~~~
##.P~≈~~.##≈≈≈≈≈##~~~~~~.###..~~~
#...~~~#~~ ##~~#~~~~~...~~~~~
....~~≈~~~ #~~~~~≈~~~~~~~~~~≈


You could see an elemental wellspring and 2 water elementals.

Vanquished Creatures
  Kirke (D:13)
  Roxanne (D:15)
  Louise (D:15)
  Nessos (Orc:2)
  Azrael (D:15)
  A spriggan zombie (D:15)
  Josephine (D:15)
  A merfolk avatar (Shoals:1)
  3 catoblepae (Lair:5)
  3 hydras
  5 boulder beetles
  3 centaur warriors
  2 tengu warriors (D:14)
  7 two-headed ogres
  7 death yaks
  An orc high priest (Orc:2)
  10 skeletal warriors
  6 skysharks
  A golden dragon zombie (D:15)
  A sea snake (Shoals:1)
  A wizard (D:13)
  4 lindwurms (Lair:3)
  A necromancer (D:15)
  2 orc knights
  13 ugly things
  A phantasmal warrior (D:14)
  2 deep elf pyromancers
  A fire giant zombie (D:15)
  7 orc sorcerers (Orc:2)
  A cyclops (D:14)
  The ghost of ababab the Jinx, a novice FeEn of Dithmenos (D:10)
  An iron dragon skeleton (D:15)
  6 manticores
  7 fauns (Shoals:1)
  16 elephants
  3 ice statues (IceCv)
  2 slime creatures (Lair:4)
  2 merfolk sirens (Shoals:1)
  10 cane toads
  2 water nymphs (Shoals:1)
  4 black mambas
  A gargoyle (D:14)
  Maggie (D:7)
  2 rime drakes
  5 yaktaurs (D:15)
  An efreet (D:14)
  5 komodo dragons
  A kobold demonologist (D:13)
  A rime drake (shapeshifter) (D:14)
  An anaconda simulacrum (IceCv)
  A queen bee (D:9)
  2 merfolk (Shoals:1)
  3 burning bushes (Lair:1)
  A meliai (Lair:2)
  8 trolls
  A queen bee (shapeshifter) (D:15)
  6 blink frogs
  A polar bear (shapeshifter) (D:14)
  3 polar bears
  A snapping turtle (Shoals:1)
  A shadow (D:10)
  3 water elementals
  8 wraiths
  44 yaks
  2 vampires
  6 wyverns
  Eustachio (D:4)
  4 basilisks
  A hog (D:13)
  11 vampire mosquitoes
  A steam dragon (D:10)
  A fire elemental (D:15)
  3 death yak simulacra
  10 wargs
  A harpy simulacrum (IceCv)
  3 acid dragons
  8 water moccasins
  4 hell hounds (D:15)
  An ice beast (shapeshifter) (D:14)
  An ice beast (D:7)
  A black bear (Lair:1)
  10 orc warriors
  A sky beast (D:4)
  15 wolves
  5 ogres
  13 centaurs
  Blork the orc (D:4)
  9 kobold brigands
  11 bullfrogs
  A gnoll sergeant (D:12)
  2 cane toad simulacra
  3 scorpions
  A two-headed ogre simulacrum (D:13)
  4 wights
  42 killer bees
  2 elephant simulacra
  9 electric eels
  A vampire bat (Lair:4)
  6 howler monkeys
  3 hounds
  10 orc priests
  6 jellies
  2 sleepcaps
  Crazy Yiuf (D:7)
  A gnoll bouda (D:4)
  3 iguanas
  Ijyb (D:3)
  Natasha (D:2)
  36 orc wizards
  A polar bear simulacrum (IceCv)
  2 troll simulacra (D:13)
  5 hell rats (Lair:2)
  A wolf simulacrum (IceCv)
  2 spriggan simulacra (D:13)
  Robin (D:2)
  14 gnolls
  9 adders
  A river rat (Sewer)
  3 shadow imps
  A white imp (D:7)
  3 ufetubi
  3 worms
  4 dart slugs
  65 orcs
  12 bats
  12 endoplasms
  2 giant cockroaches
  13 hobgoblins
  4 jackals (D:1)
  2 quokkas
  14 ball pythons
  A frilled lizard (D:1)
  11 goblins
  20 kobolds
  11 rats
  A fulminant prism (D:15)
722 creatures vanquished.

Vanquished Creatures (collateral kills)
  A skeletal warrior (D:14)
1 creature vanquished.

Vanquished Creatures (others)
  An elephant (Lair:1)
  236 fulminant prisms
237 creatures vanquished.

Grand Total: 960 creatures vanquished

Notes
Turn   | Place    | Note
-------+----------+-------------------------------------------
     0 | D:1      | Gabide the Demigod Conjurer began the quest for the Orb.
     0 | D:1      | Reached XP level 1. HP: 14/14 MP: 5/5
   337 | D:1      | Reached XP level 2. HP: 20/20 MP: 5/7
  1015 | D:2      | Noticed Robin
  1026 | D:2      | Reached skill level 4 in Conjurations
  1026 | D:2      | Reached XP level 3. HP: 25/27 MP: 0/8
  1245 | D:2      | Noticed Natasha
  1251 | D:2      | Killed Natasha
  1614 | D:2      | Killed Robin
  1615 | D:2      | Reached skill level 1 in Fighting
  1615 | D:2      | Reached XP level 4. HP: 21/35 MP: 4/10
  1723 | D:2      | Identified a scroll of acquirement
  1723 | D:2      | Acquired the ring "Xizuer" {rN+ Int+7}
  1731 | D:2      | Learned a level 2 spell: Searing Ray
  3000 | D:3      | Noticed Ijyb
  3030 | D:3      | Killed Ijyb
  3132 | D:3      | Reached XP level 5. HP: 40/40 MP: 7/12
  3687 | D:4      | Noticed a sky beast
  3691 | D:4      | Noticed Blork the orc
  3771 | D:4      | Identified the +1 robe of the Insatiable Knives {Drain
                  | Will++}
  3832 | D:4      | Reached XP level 6. HP: 43/48 MP: 2/14
  3920 | D:4      | Reached skill level 5 in Conjurations
  4041 | D:4      | Found a glowing drain.
  4052 | Sewer    | Entered a sewer
  4580 | Sewer    | Reached XP level 7. HP: 56/56 MP: 6/16
  4972 | Sewer    | Reached skill level 6 in Conjurations
  5196 | Sewer    | Reached skill level 5 in Spellcasting
  5999 | D:4      | Killed Blork the orc
  6000 | D:4      | Reached XP level 8. HP: 63/63 MP: 10/20
  6131 | D:4      | Noticed Eustachio
  6138 | D:4      | Killed Eustachio
  6311 | D:5      | Entered Level 5 of the Dungeon
  6589 | D:5      | Learned a level 3 spell: Dazzling Flash
  7960 | D:6      | Identified the +3 spear of the Dwarven Hall {pain, rElec
                  | rPois}
  8287 | D:7      | Reached skill level 7 in Conjurations
  8334 | D:7      | Reached XP level 9. HP: 50/71 MP: 13/23
  8535 | D:7      | Noticed Maggie
  8546 | D:7      | Killed Maggie
  8997 | D:7      | Found a staircase to the Ecumenical Temple.
  9006 | Temple   | Entered the Ecumenical Temple
  9389 | D:7      | Found a runed translucent door.
  9390 | D:7      | Noticed Crazy Yiuf
  9836 | D:7      | Learned a level 4 spell: Fulminant Prism
  9841 | D:7      | Learned a level 4 spell: Iskenderun's Mystic Blast
  9844 | D:7      | Killed Crazy Yiuf
 10584 | D:8      | Reached skill level 8 in Conjurations
 10693 | D:9      | Identified the +5 ring mail "Zapivais" {rF- rC+++ Regen+
                  | Dex-5}
 10735 | D:9      | Reached skill level 5 in Dodging
 10738 | D:9      | Reached skill level 5 in Fighting
 10742 | D:9      | Reached XP level 10. HP: 21/81 MP: 3/26
 11485 | D:9      | Identified the +3 spear of Corporal Punishment {freeze,
                  | rPois rC+ Stlth+}
 11495 | D:9      | You fall into a shaft and drop 2 floors!
 11538 | D:11     | Reached skill level 9 in Conjurations
 11554 | D:11     | Noticed a manticore
 11559 | D:11     | Killed a manticore
 13183 | D:11     | Noticed a two-headed ogre
 13189 | D:11     | Killed a two-headed ogre
 13332 | D:11     | Found a staircase to the Lair.
 14128 | D:10     | Entered Level 10 of the Dungeon
 14538 | D:10     | Reached skill level 10 in Conjurations
 14538 | D:10     | Reached XP level 11. HP: 89/89 MP: 17/28
 15378 | D:9      | Found a staircase to the Orcish Mines.
 15636 | D:10     | Found a transporter.
 15850 | D:10     | Noticed ababab's ghost (novice FeEn)
 15850 | D:10     | Noticed a two-headed ogre
 15851 | D:10     | Identified the +6 dire flail "Tutaip" {antimagic, Drain
                  | rPois Str+2}
 15851 | D:10     | Noticed a two-headed ogre
 15852 | D:10     | Noticed a two-headed ogre
 15853 | D:10     | Noticed a two-headed ogre
 15855 | D:10     | Found a transporter.
 15887 | D:10     | Reached skill level 10 in Spellcasting
 16345 | D:10     | Killed a two-headed ogre
 16345 | D:10     | Killed a two-headed ogre
 16346 | D:10     | Reached skill level 11 in Conjurations
 16348 | D:10     | Killed a two-headed ogre
 16350 | D:10     | Killed a two-headed ogre
 16356 | D:10     | Killed ababab's ghost
 16646 | Lair:1   | Entered Level 1 of the Lair of Beasts
 17447 | Lair:1   | Reached skill level 12 in Conjurations
 17610 | Lair:1   | Reached XP level 12. HP: 96/96 MP: 21/32
 18136 | Lair:1   | Learned a level 5 spell: Arcjolt
 18610 | Lair:2   | Found a hole to the Spider Nest.
 18929 | Lair:2   | You fall into a shaft and drop 1 floor!
 19620 | Lair:2   | Noticed a boulder beetle
 19621 | Lair:2   | Found a staircase to the Shoals.
 19635 | Lair:2   | Killed a boulder beetle
 19954 | Lair:2   | Noticed a six-headed hydra
 19962 | Lair:2   | Killed a six-headed hydra
 20305 | Lair:2   | Found the +12 glaive of Prune {freeze, Prune}
 20305 | Lair:2   | Noticed a seven-headed hydra
 20308 | Lair:2   | Killed a seven-headed hydra
 21740 | Lair:3   | Noticed a boulder beetle
 21749 | Lair:3   | Killed a boulder beetle
 22327 | Lair:3   | Reached skill level 13 in Conjurations
 22327 | Lair:3   | Reached XP level 13. HP: 105/105 MP: 23/34
 22569 | Lair:3   | Identified the +7 great sword "Egit" {heavy, *Slow Dex+5
                  | SInv}
 24082 | Lair:4   | Found a staircase to the Slime Pits.
 24961 | Lair:5   | Entered Level 5 of the Lair of Beasts
 27135 | Lair:5   | Reached skill level 14 in Conjurations
 28686 | D:12     | Identified the +7 plate armour of Greed {Rampage Dex-3
                  | Stlth+}
 28994 | D:13     | Found a frozen archway.
 29123 | IceCv    | Entered an ice cave
 29277 | IceCv    | Reached XP level 14. HP: 115/115 MP: 29/37
 32731 | D:13     | Found a gate to the Vaults.
 33573 | D:14     | Noticed Kirke
 33763 | D:13     | Killed Kirke
 34834 | D:15     | Entered Level 15 of the Dungeon
 34835 | D:15     | Identified Roxanne's Atlas of the Fault
 34835 | D:15     | Noticed Roxanne
 34840 | D:15     | Noticed Azrael
 34842 | D:15     | Killed Azrael
 35252 | D:15     | Reached skill level 15 in Conjurations
 35252 | D:15     | Noticed Louise
 35950 | D:15     | Found Tainoar's Antique Armour Shop.
 35962 | D:15     | Killed Louise
 36184 | D:15     | Killed Roxanne
 36288 | D:15     | Learned a level 3 spell: Stone Arrow
 36315 | D:15     | Found a runed translucent door.
 36317 | D:15     | Noticed Boahovan's ghost (journeyman DsGl)
 36735 | D:15     | Found a staircase to the Depths.
 36752 | D:15     | Noticed Josephine
 36967 | D:15     | Reached skill level 15 in Spellcasting
 36972 | D:15     | Killed Josephine
 37224 | D:15     | Identified the +0 pair of gloves "Ydej" {rF+ Will- Int+3}
 37830 | D:15     | Acquired the staff of cold "Zeemn" {rElec rF+ rC+ Dex-3}
 38068 | Orc:1    | Entered Level 1 of the Orcish Mines
 38198 | Orc:1    | Reached XP level 15. HP: 111/124 MP: 19/39
 38289 | Orc:2    | Entered Level 2 of the Orcish Mines
 38289 | Orc:2    | Noticed Nessos
 38641 | Orc:2    | Killed Nessos
 39212 | Orc:2    | Reached skill level 16 in Conjurations
 39219 | Orc:2    | Found Comeoteh's Magic Scroll Shoppe.
 39219 | Orc:2    | Found Ynued's Antique Armour Boutique.
 39308 | Orc:2    | Bought a scroll of summoning for 123 gold pieces
 39308 | Orc:2    | Bought a scroll of fear for 52 gold pieces
 39308 | Orc:2    | Bought a scroll of fear for 52 gold pieces
 39336 | Orc:2    | Found a staircase to the Elven Halls.
 39485 | Orc:2    | Found Dil Luf's Antique Armour Shoppe.
 39485 | Orc:2    | Found Syfuh's Armour Boutique.
 40262 | Shoals:1 | Entered Level 1 of the Shoals
 40954 | Shoals:1 | Learned a level 5 spell: Irradiate
 41724 | Shoals:1 | Collided with a stone wall

Illustrated notes

Levels and vault maps discovered:
D:1:      lightli_arrival_statue_moat, layout_rooms, nrook_campfire
D:2:      layout_basic, uniq_natasha, uniq_robin
D:3:      layout_basic, ebering_ecumenical_altar_hall, uniq_ijyb
D:4:      layout_cave_pools, nicolae_uskayaw_suspiria, portal_sewer_entry_e,
          uniq_eustachio, uniq_blork_the_orc
D:5:      layout_cave_pools, mainiacjoe_overflow_cross_hatched
D:6:      layout_gridville, chequers_temple_overflow_statue_of_worship,
          kennysheep_generic_room_13
D:7:      layout_rooms, lemuel_temple_firewalk_a, uniq_crazy_yiuf_cottage,
          uniq_maggie
D:8:      layout_rooms, serial_glass, glass_columns_a, glass_columns_a,
          glass_columns_a, glass_columns_a
D:9:      layout_roguey [special_room_bee], nicolae_wu_jian_wuxing_cycle,
          david_orc_4
D:10:     layout_stronghold, gammafunk_ghost_smash,
          ebering_dispersal_statue_hall
D:11:     layout_basic, lair_entry_dummy, minmay_crystal_water
D:12:     layout_roguey
D:13:     layout_basic, david_vaults_1, portal_ice_cave_entry_ice_simulacra
D:14:     layout_loops_cross, uniq_kirke
D:15:     gammafunk_depths_entry_grave, layout_rooms, serial_shops, shop,
          ebering_ghost_inner_flame, tso_metal_star, uniq_roxanne,
          uniq_josephine, uniq_louise, uniq_azrael
Temple:   eino_temple_rhombus
Lair:1:   layout_hall_layers, evilmike_ambush [evilmike_ambush_outer_pillars,
          evilmike_ambush_inner_basic], lemuel_fruit_tree, grunt_megastairs_3
Lair:2:   nzn_winding_woodlands_cross [nzn_winding_woodlands_5x15_cabin,
          nzn_winding_woodlands_5x15_sawtooth, nzn_winding_woodlands_5x15_twine,
          nzn_winding_woodlands_5x15_crooked,
          nzn_winding_woodlands_15x15_boxy_spiral], layout_hall_layers,
          minmay_shoals_entry_centaurs, hellmonk_spider_entry_not_the_bees
Lair:3:   layout_hall_layers, minmay_lindwurm_lava, infiniplex_staircase_pool
Lair:4:   layout_loops_ring, minmay_slime_entry_pillars, minivault_24,
          roderic_batcave
Lair:5:   evilmike_catoblepas_cave, layout_long_grid
Shoals:1: layout_shoals, nicolae_shoals_spring_well_temple
Orc:1:    layout_caves
Orc:2:    st_orc_town, layout_caves, enter_volcano_1, uniq_nessos

Skill      XL: |  1  2  3  4  5  6  7  8  9 10 11 12 13 14 15 |
---------------+----------------------------------------------+-----
Spellcasting   | 2 3 4 5 6 8 9 11 12 13 15 | 15.8
Stealth        | 2 3 |  3.0
Dodging        | 2 3 5 6 7 8 9 |  9.0
Conjurations   | 4 5 6 7 8 10 12 13 14 15 16 | 16.4
Fighting       | 1 2 3 4 5 6 7 8 9 |  9.0

Action                     |  1- 3 |  4- 6 |  7- 9 | 10-12 | 13-15 || total
---------------------------+-------+-------+-------+-------+-------++-------
  Melee: Dagger            |    25 |     3 |       |       |       ||    28
         Staff             |     1 |       |       |       |    33 ||    34
         Unarmed           |     1 |       |       |       |       ||     1
         Punch             |       |     1 |     1 |       |       ||     2
         Short sword       |       |    29 |    48 |    44 |       ||   121
         Glaive            |       |       |       |    29 |    95 ||   124
  Throw: Throwing net      |       |       |       |     1 |       ||     1
         Boomerang         |       |       |       |       |     2 ||     2
   Cast: Magic Dart        |    84 |   133 |   202 |    46 |    21 ||   486
         Searing Ray       |       |    11 |    40 |     2 |       ||    53
         Fulminant Prism   |       |       |    12 |    73 |   153 ||   238
         Iskenderun's Myst |       |       |     5 |    92 |    77 ||   174
         Dazzling Flash    |       |       |     5 |       |     1 ||     6
         Arcjolt           |       |       |       |    97 |   226 ||   323
         Stone Arrow       |       |       |       |       |   252 ||   252
         Irradiate         |       |       |       |       |     1 ||     1
  Evoke: Wand              |       |       |     5 |    27 |    16 ||    48
         Phial of floods   |       |       |       |     1 |       ||     1
         Phantom mirror    |       |       |       |       |     2 ||     2
    Use: Scroll            |     3 |     7 |     9 |    11 |    17 ||    47
         Potion            |       |     2 |     2 |     3 |     6 ||    13
   Stab: Sleeping          |       |       |     1 |     1 |     6 ||     8
         Paralysed         |       |       |       |    13 |    10 ||    23
         Petrified         |       |       |       |       |     5 ||     5
         Invisible         |       |       |       |       |     1 ||     1
         Petrifying        |       |       |       |       |     1 ||     1
         Distracted        |       |       |       |       |     1 ||     1
 Armour: Robe              |     9 |       |       |   106 |   234 ||   349
         Animal skin       |       |    25 |    48 |     2 |       ||    75
  Dodge: Dodged            |    28 |    56 |   128 |   186 |   322 ||   720
  Block: Buckler           |       |       |       |       |    15 ||    15
